 Dungeon Crawl Stone Soup version 0.29.1-12-g30fa7ad0bf (webtiles) character file.

Game seed: 10545742554471171895

1350 LustLizard the Skirmisher (level 8, -8/39 HPs)
             Began as a Spriggan Hunter on Dec 26, 2022.
             Hit by a javelin thrown by a centaur (13 damage)
             ... in a bailey.
             The game lasted 00:10:14 (5344 turns).

LustLizard the Skirmisher (Spriggan Hunter)         Turns: 5344, Time: 00:10:15

Health: -8/39      AC:  2    Str:  7    XL:     8   Next: 36%
Magic:  9/9        EV: 19    Int: 15    God:
Gold:   278        SH:  0    Dex: 26    Spells: 7/7 levels left

rFire   x . .      SeeInvis +   a - +0 shortbow
rCold   + . .      Faith    .   (shield currently unavailable)
rNeg    . . .      Spirit   .   c - +0 robe
rPois   .          Reflect  .   (helmet restricted)
rElec   .          Harm     .   (no cloak)
rCorr   .          Rampage  .   (gloves unavailable)
Will    +....                   (boots unavailable)
Stlth   +++++.....              q - amulet of magic regeneration
HPRegen 0.13/turn               n - ring of Immorality {Ice Int+4 Stlth+}
MPRegen 0.51/turn               s - +6 ring of dexterity

@: very quick
A: very small, no large weapons, unfitting armour, see invisible, speed 3
a: no special abilities


You were in a bailey.
You visited 1 branch of the dungeon, and saw 7 of its levels.
You also visited: Bailey.

You collected 278 gold pieces.

Inventory:

Hand Weapons
 a - a +0 shortbow (weapon)
Missiles
 r - a throwing net
Armour
 c - a +0 robe (worn)
Jewellery
 d - a ring of fire
 n - the ring of Immorality (left hand) {Ice Int+4 Stlth+}
   (You found it on level 3 of the Dungeon)

   [ring of ice]

   It enhances your ice magic.
   Int:       It affects your intelligence (+4).
   rF:        It makes you vulnerable to fire.
   rC:        It protects you from cold.
   Stlth:     It makes you more stealthy.
 q - an amulet of magic regeneration (around neck)
 s - a +6 ring of dexterity (right hand)
Wands
 j - a wand of mindburst (8)
Scrolls
 b - a scroll of immolation
 e - 5 scrolls of teleportation
 f - 2 scrolls of noise {unknown}
 h - a scroll of fear {unknown}
 o - a scroll of magic mapping {unknown}
 p - a scroll of butterflies {unknown}
 t - a scroll of blinking {unknown}
 u - a scroll of enchant weapon {unknown}
Potions
 i - 2 potions of curing
 k - a potion of resistance
 l - a potion of berserk rage {unknown}
 m - a potion of magic {unknown}


   Skills:
 + Level 2.7 Fighting
 * Level 8.7 Ranged Weapons
 + Level 2.9 Dodging
 - Level 7.3 Stealth
 * Level 5.0 Evocations


You had 7 spell levels left.
You didn't know any spells.
Your spell library contained the following spells:

 Spells                   Type           Power      Damage    Failure   Level
 Summon Small Mammal      Summ           0%         N/A       26%         1
 Ensorcelled Hibernation  Hex/Ice        0%         N/A       38%         2
 Passwall                 Tmut/Erth      0%         N/A       38%         2
 Call Canine Familiar     Summ           0%         N/A       63%         3
 Summon Guardian Golem    Hex/Summ       0%         N/A       63%         3
 Swiftness                Air            0%         N/A       63%         3


Dungeon Overview and Level Annotations

Branches:
Dungeon (8/15)             Bailey (1/1)
 Temple: D:4-7         Lair: D:8-11

Altars:
Elyvilon
Ru
Wu Jian
The Shining One


Innate Abilities, Weirdness & Mutations

You are very small and have problems with some larger weapons.
You are too small for most types of armour.
You have supernaturally acute eyesight. (SInv)
You cover ground extremely quickly. (Speed+++)


Message History

A centaur is nearby!
Okay, then.
Fire: a) +0 shortbow
Press: ? - help, Q - select action, (/) - cycle Shift-Dir - straight line, f - centaur
Aim: a centaur, wielding a +0 halberd, wearing a +0 scale mail and quivering javelins (81% to hit)
You shoot an arrow.
The arrow hits the centaur but does no damage.
The centaur throws a javelin.
The javelin pierces through you!
* * * LOW HITPOINT WARNING * * *
The centaur throws a javelin.
The javelin closely misses you.
Fire: a) +0 shortbow
Press: ? - help, Q - select action, (/) - cycle Shift-Dir - straight line, f/p - centaur
Aim: a centaur, wielding a +0 halberd, wearing a +0 scale mail and quivering javelins (81% to hit)
Okay, then.
Okay, then.
Fire: a) +0 shortbow
Press: ? - help, Q - select action, (/) - cycle Shift-Dir - straight line, f/p - centaur
Aim: a centaur, wielding a +0 halberd, wearing a +0 scale mail and quivering javelins (81% to hit)
You shoot an arrow.
The arrow hits the centaur but does no damage.
Fire: a) +0 shortbow
Press: ? - help, Q - select action, (/) - cycle Shift-Dir - straight line, f/p - centaur
Aim: a centaur, wielding a +0 halberd, wearing a +0 scale mail and quivering javelins (81% to hit)
You shoot an arrow. The arrow hits the centaur.
The centaur is moderately wounded.
The centaur throws a javelin.
The javelin misses you.
The centaur throws a javelin.
The javelin barely misses you.
Fire: a) +0 shortbow
Press: ? - help, Q - select action, (/) - cycle Shift-Dir - straight line, f/p - centaur
Aim: a centaur, wielding a +0 halberd, wearing a +0 scale mail and quivering javelins (moderately wounded, 81% to hit)
You shoot an arrow. The arrow hits the centaur.
The centaur is moderately wounded.
The centaur throws a javelin.
The javelin closely misses you.
Fire: a) +0 shortbow
Press: ? - help, Q - select action, (/) - cycle Shift-Dir - straight line, f/p - centaur
Aim: a centaur, wielding a +0 halberd, wearing a +0 scale mail and quivering javelins (moderately wounded, 81% to hit)
You shoot an arrow. The arrow hits the centaur.
The centaur is heavily wounded.
The centaur throws a javelin.
The javelin pierces through you!
You die...

...c≈≈≈≈≈....##
.⌠o≈≈≈...≈≈≈)⌠.#
..≈≈..≈.≈..≈≈..#
.≈≈.≈≈≈.≈≈≈.≈≈.#
o≈.≈≈....)≈≈.≈.##
≈≈.≈)≈≈≈≈≈.≈)≈≈.#
≈.≈≈)≈...≈)≈≈.≈.#
≈.≈.≈≈...≈≈.≈.≈.#
≈c≈.≈.⌠∩⌠.≈@≈.≈.#
≈.≈.≈..∩..≈.≈.≈.#
≈.≈.≈.⌠∩⌠.≈.≈)≈.#
≈.≈.≈≈...≈≈.≈.≈.#
≈.≈≈.≈...≈.≈≈c≈.#
≈≈)≈.≈≈.≈≈.≈.≈≈.#
.≈.≈≈.≈.≈.≈≈.≈..+
....≈≈...≈≈.....#
....c≈≈≈≈≈).....#


You could see a centaur.

Vanquished Creatures
  Grinder (D:5)
  A water moccasin (D:8)
  2 black bears (D:5)
  An ice beast (D:8)
  A bullfrog (D:8)
  A kobold brigand (D:8)
  2 scorpions
  A necrophage (D:5)
  2 jellies (D:5)
  2 orc priests
  2 hounds (D:5)
  An iguana (D:5)
  An orc wizard (D:5)
  7 gnolls (D:4)
  4 adders
  4 worms
  2 dart slugs
  18 orcs
  6 endoplasms
  A giant cockroach (D:4)
  12 goblins
  4 hobgoblins
  4 jackals (D:1)
  10 kobolds
  4 quokkas
  5 ball pythons
  5 bats
  2 frilled lizards
  4 rats
110 creatures vanquished.

Vanquished Creatures (others)
  A fungus (D:1)
  A plant (D:1)
  3 toadstools (D:8)
5 creatures vanquished.

Grand Total: 115 creatures vanquished

Notes
Turn   | Place    | Note
-------+----------+-------------------------------------------
     0 | D:1      | LustLizard the Spriggan Hunter began the quest for the Orb.
     0 | D:1      | Reached XP level 1. HP: 10/10 MP: 2/2
   253 | D:1      | Reached XP level 2. HP: 14/14 MP: 3/3
   540 | D:1      | Found a faded altar of an unknown god.
  1321 | D:2      | Found a glowing golden altar of the Shining One.
  1368 | D:2      | Noticed a scorpion
  1429 | D:2      | Killed a scorpion
  1430 | D:2      | Reached skill level 5 in Ranged Weapons
  1430 | D:2      | Reached XP level 3. HP: 18/18 MP: 4/4
  1430 | D:2      | Reached XP level 4. HP: 22/22 MP: 5/5
  2073 | D:3      | Found an ornate altar of the Wu Jian Council.
  2102 | D:3      | Found a sacrificial altar of Ru.
  2138 | D:3      | Identified the ring of Immorality {Ice Int+4 Stlth+}
  2350 | D:3      | Noticed a scorpion
  2411 | D:3      | Killed a scorpion
  2412 | D:3      | Reached XP level 5. HP: 14/25 MP: 6/6
  2575 | D:3      | Found a white marble altar of Elyvilon.
  3078 | D:4      | Reached skill level 6 in Ranged Weapons
  3078 | D:4      | Reached skill level 5 in Stealth
  3414 | D:4      | Reached XP level 6. HP: 30/30 MP: 7/7
  3653 | D:5      | Entered Level 5 of the Dungeon
  3820 | D:5      | Reached skill level 7 in Ranged Weapons
  4146 | D:5      | Noticed Grinder
  4150 | D:5      | Paralysed by Grinder for 3 turns
  4159 | D:5      | Killed Grinder
  4160 | D:5      | Reached XP level 7. HP: 31/33 MP: 8/8
  4302 | D:5      | Reached skill level 1 in Evocations
  4356 | D:5      | Reached skill level 8 in Ranged Weapons
  4940 | D:6      | You fall into a shaft and drop 2 floors!
  4990 | D:8      | Reached XP level 8. HP: 32/39 MP: 9/9
  5271 | D:8      | Found a flagged portal.
  5283 | Bailey   | Entered a bailey
  5317 | Bailey   | Reached skill level 5 in Evocations
  5344 | Bailey   | Hit by a javelin thrown by a centaur

Illustrated notes

Levels and vault maps discovered:
D:1:      lightli_arrival_boilingwater, layout_basic,
          shapermc_ecumenical_altar_mp_ritualfount
D:2:      layout_rooms, basic_altar
D:3:      layout_loops_corners, mainiacjoe_overflow_catwalk, lemuel_round_altar,
          nicolae_ru_the_path_less_chosen, minmay_misc_feat_encased
D:4:      layout_basic
D:5:      layout_loops_corners, uniq_grinder
D:6:      layout_basic, mainiacjoe_overflow_surrounded_room,
          mainiacjoe_overflow_small_starburst, lemuel_blue_sif_altar, uniq_pikel
D:8:      layout_basic, enter_bailey_3, minmay_gold_behind_fungi
Bailey:   bailey_polearm_flooded_kennysheep, bailey

Skill      XL: |  1  2  3  4  5  6  7  8 |
---------------+-------------------------+-----
Stealth        | 2 4 5 7 |  7.3
Ranged Weapons | 5 6 7 8 |  8.7
Evocations     | 3 5 |  5.0
Fighting       | 2 |  2.7
Dodging        | |  2.9

Action                   |  1- 3 |  4- 6 |  7- 9 || total
-------------------------+-------+-------+-------++-------
 Fire: Shortbow          |    85 |   160 |   142 ||   387
  Use: Scroll            |     1 |     5 |       ||     6
       Potion            |       |       |     1 ||     1
Armor: Robe              |     5 |     1 |     2 ||     8
Dodge: Dodged            |    49 |    30 |    66 ||   145
